Unix NetHack Version 3.7.0-89 Work-in-progress - last build Sep 24 2023 19:26:52 (48e034876007844a536bf88644040a71d2893410,branch:master). Game began 2023-10-12 06:40:30, ended 2023-10-12 19:04:44. spontiff, neutral male gnomish Healer --------------------------------- ------ |........"................".....| ----- |....| | ----------- ------.. ------.| #-^..| |..[.| | |..+.-.-# #|...| |....| | |....|.|## #-...| --.--- |. |[...|.|####|...| ## --.------ ------.|# #--.-- ## |....{.............|# ###### ### |.......-----+----.|0## # ## |.......| |..|.|## ## ### |{......| |..|..# ######## #### | --- -- ---.......-+------|-.|# ##-|-|--|- |...............................|# #|......| | ---- -- ----....----qdq%...|# #.......| |..|....-..|.@.....|# |......| |..-....|..|..).....# |......| -------------------- |...<..| -------- Spontiff the Rhizotomist St:9 Dx:8 Co:13 In:11 Wi:16 Ch:16 Neutral S:435 Dlvl:8 $:1425 HP:0(20) Pw:6(6) AC:4 Xp:1/0 T:2608 Latest messages: O - a mummy wrapping. What do you want to take off? [ghqv or ?*] q You were wearing a +0 dwarvish cloak. What do you want to wear? [qrO or ?*] O You are now wearing a mummy wrapping. What do you want to take off? [ghvO or ?*] O You were wearing a +0 mummy wrapping. What do you want to wear? [qrO or ?*] q You are now wearing a dwarvish cloak. There are several objects here. P - a pair of leather gloves. Q - a small shield. You have a little trouble lifting a studded leather armor. Continue? [ynq] (q) y You have a little trouble lifting R - a studded leather armor. Your movements are slowed slightly because of your load. What do you want to drop? [$bce-hj-tv-yA-EGI-TWX or ?*] R You drop a studded leather armor. Your movements are now unencumbered. The coyote bites! The large dog picks up a kobold corpse. The large dog drops a kobold corpse. You swap places with your large dog. The large dog bites the coyote. The coyote is killed! The large dog eats a coyote corpse. You see here a studded leather armor. The large dog misses the rothe. The large dog bites the rothe. The rothe misses the large dog. The rothe bites the large dog. The rothe misses the large dog. The large dog bites the rothe. The rothe misses the large dog. The rothe bites the large dog. The rothe misses the large dog. The rothe hits! The rothe bites! The rothe bites again! The large dog bites the gecko. The gecko is killed! The large dog bites the rothe. You see here a studded leather armor. The rothe hits! The rothe bites! The rothe bites again! The rothe hits! The rothe bites! You die... Do you want your possessions identified? [ynq] (y) y Do you want to see the dungeon overview? [ynq] (y) q Inventory: Coins $ - 1425 gold pieces Amulets A - a cursed amulet of change Weapons W - an uncursed +0 dart k - an uncursed +0 scalpel (alternate weapon; not wielded) Armor h - a blessed +2 dented pot (being worn) g - an uncursed +1 pair of leather gloves (being worn) P - an uncursed +0 pair of leather gloves v - an uncursed +0 pair of speed boots (being worn) r - an uncursed +0 small shield Q - an uncursed +0 small shield q - an uncursed +0 dwarvish cloak (being worn) O - an uncursed +0 mummy wrapping Comestibles y - 6 uncursed apples c - an uncursed carrot N - a cursed cram ration n - 2 uncursed food rations p - 2 uncursed tripe rations Scrolls D - an uncursed scroll of destroy armor E - a blessed scroll of enchant armor l - an uncursed scroll of light b - an uncursed scroll of remove curse T - an uncursed scroll of teleportation Spellbooks G - an uncursed spellbook of healing Potions C - 4 uncursed potions of extra healing f - an uncursed potion of restore ability J - an uncursed potion of water named !c Rings M - a cursed -2 ring of gain constitution Wands K - an uncursed wand of cancellation (0:7) S - an uncursed wand of sleep (0:7) Tools w - an uncursed mirror x - an uncursed oil lamp s - an uncursed stethoscope X - an uncursed tallow candle o - an uncursed tin whistle Gems/Stones B - an uncursed chrysoberyl stone t - an uncursed jade stone e - 2 uncursed worthless pieces of black glass L - a cursed worthless piece of orange glass j - an uncursed worthless piece of red glass m - 2 uncursed worthless pieces of violet glass I - an uncursed worthless piece of white glass Spontiff the Healer's attributes: Background: You were a Rhizotomist, a level 1 male gnomish Healer. You were neutral, on a mission for Hermes who was opposed by Athena (lawful) and Poseidon (chaotic). You were in the Gnomish Mines, on level 8. You entered the dungeon 2608 turns ago. You had 0 experience points, 20 were needed to attain level 2. Your score was 435 before end-of-game adjustments. Basics: You had 0 out of 20 hit points. You had all 6 energy points (spell power). Your armor class was 4. Your wallet contained 1425 zorkmids. Autopickup was on for '$!/="?' plus thrown, with exceptions. Final Characteristics: Your strength was 9 (limit:18/50). Your dexterity was 8 (peak:9, limit:18). Your constitution was 13 (limit:18). Your intelligence was 11 (limit:19). Your wisdom was 16 (limit:18). Your charisma was 16 (limit:18). Final Status: You were not hungry. You were unencumbered. You were empty handed. You were unskilled in bare handed combat. Final Attributes: You were devoutly aligned. You were poison resistant. You had infravision. You were warded. You were very fast. You are dead. Miscellaneous: You never encountered a bones level. Total elapsed playing time was 50 minutes and 37 seconds. Major events: Turn 1: spontiff the neutral male gnomish Healer entered the dungeon 1679: entered the Gnomish Mines 2347: reached Mine Town 2608: killed by a rothe Vanquished creatures: 2 watchmen a giant spider a fog cloud a kobold mummy 2 elf zombies 4 dwarves an iguana an acid blob 2 coyotes 2 hobbits 2 large kobolds a hobgoblin 2 giant rats a red mold 3 gnomes a garter snake a gnome zombie 3 geckos 6 jackals 4 foxes a kobold a goblin 2 sewer rats 14 grid bugs 4 lichens 9 newts 72 creatures vanquished. No species were genocided or became extinct. Voluntary challenges: You never hit with a wielded weapon. You were a pacifist. You read items or engraved 2 times. You never engraved Elbereth. You never genocided any monsters. You never polymorphed an object. You never changed form. You used no wishes. Achievements: You entered the Gnomish Mines. You entered Minetown. You entered a shop. The Dungeons of Doom: levels 1 to 5 Level 1: "Stashlet" A grave. Level 2: A fountain. Level 3: Some fountains. Level 4: A fountain. Stairs down to The Gnomish Mines. Level 5: The Gnomish Mines: levels 5 to 8 Level 5: Level 6: Level 7: Level 8: <- You were here. A general store, some fountains. Final resting place for you, killed by a rothe. Game over: ---------- / \ / REST \ / IN \ / PEACE \ / \ | spontiff | | 1425 Au | | killed by a | | rothe | | | | | | 2023 | *| * * * | * _________)/\\_//(\/(/\)/\//\/|_)_______ Goodbye spontiff the Healer... You died in The Gnomish Mines on dungeon level 8 with 427 points, and 1425 pieces of gold, after 2608 moves. You were level 1 with a maximum of 20 hit points when you died.